 Dungeon Crawl Stone Soup version 0.32-a0-886-g41c5271027 (webtiles) character file.

Game seed: 16964989872230691937

1621 warriortoast the Mimic (level 8, -1/82 HPs)
             Began as an Octopode Shapeshifter on Mar 25, 2024.
             Slain by an orc warrior
             ... wielding a +2 battleaxe of freezing
              (2 damage)
             ... on level 6 of the Dungeon on Apr 2, 2024.
             The game lasted 00:12:57 (5906 turns).

warriortoast the Mimic (Octopode Shapeshifter)      Turns: 5906, Time: 00:12:58

Health: -1/82      AC: 24    Str: 16      XL:     8   Next: 96%
Magic:  8/8        EV:  2    Int: 12      God:
Gold:   196        SH:  0    Dex:  8 (11) Spells: 7/7 levels left

rFire   . .          .
                       - Unarmed
rCold   . . .        (no shield)
rNeg    . . .        (helmet currently unavailable)
rPois   +            (no amulet)
rElec   .            (no ring)
rCorr   .            (no ring)
SInv    .            (no ring)
Will    .....        (no ring)
Stlth   ++           (no ring)
HPRegen 0.33/turn    (no ring)
MPRegen 0.11/turn    (no ring)
                     (no ring)

%: no passive effects
@: tree-form
A: stationary, stasis, torment immunity, boosted hp, almost no armour,
(amphibious), 8 rings, (camouflage 1), (gelatinous body 1), (nimble swimmer 1),
(tentacles)
a: no special abilities


You were on level 6 of the Dungeon.
You were a tree.
You visited 1 branch of the dungeon, and saw 6 of its levels.
You also visited: Sewer.

You collected 196 gold pieces.

Inventory:

Missiles
 h - a poisoned dart (quivered)
Jewellery
 l - a ring of protection from cold
 x - an amulet of guardian spirit
Talismans
 b - a beast talisman (active)
 c - a flux talisman
Wands
 n - a wand of mindburst (7)
 s - a wand of paralysis (12)
 w - a wand of iceblast (15)
Scrolls
 e - a scroll of immolation
 k - 2 scrolls of identify
 o - a scroll of enchant armour
 q - a scroll of amnesia
 u - 2 scrolls of teleportation
Potions
 d - a potion of degeneration {unknown}
 f - a potion of berserk rage {unknown}
 g - 2 potions of haste
 i - a potion of cancellation {unknown}
 j - a potion of might {unknown}
 m - a potion of heal wounds {unknown}
 p - a potion of magic {unknown}
 r - a potion of mutation {unknown}
 t - a potion of curing {unknown}


   Skills:
 - Level 5.0 Fighting
 - Level 2.0 Dodging
 - Level 5.0 Stealth
 - Level 5.0 Unarmed Combat
 + Level 8.1 Shapeshifting


You had 7 spell levels left.
You didn't know any spells.
Your spell library contained the following spells:

 Spells                   Type           Power      Damage    Failure   Level
 Sandblast                Erth           0%         2d4       32%         1
 Sting                    Conj/Alch      0%         1d3       32%         1
 Mercury Vapours          Alch/Air       0%         N/A       45%         2
 Stone Arrow              Conj/Erth      0%         3d7       69%         3
 Tukima's Dance           Hex            0%         N/A       69%         3
 Volatile Blastmotes      Fire/Tloc      0%         2d10      69%         3
 Brom's Barrelling Bould  Conj/Erth      0%         2d3       97%         4
 Fulminant Prism          Conj/Alch      0%         3d5       97%         4
 Iskenderun's Mystic Bla Conj/Tloc 0%             2d3        (+2d1     97%         4
 Olgreb's Toxic Radiance  Alch           0%         N/A       97%         4
 Passage of Golubria      Tloc           0%         N/A       97%         4
 Yara's Violent Unravell  Hex/Alch       0%         3d3       100%        5


Dungeon Overview and Level Annotations

Branches:
Dungeon (6/15)              Sewer (visited)
 Temple: D:4-7

Altars:
Ashenzari
Elyvilon
Gozag
Hepliaklqana
Ru
Trog
Zin

Annotations:
D:2 Natasha
D:6 Eustachio, Maggie


Innate Abilities, Weirdness & Mutations

You are a tree.
Your roots penetrate the ground, keeping you stationary.
You cannot be teleported.
You are immune to unholy pain and torment.
Your maximum health is greatly increased.
You cannot wear most types of armour.
((You are amphibious.))
You can wear up to eight rings at the same time.
((Your skin changes colour to match your surroundings (Stealth+).))
((Your rubbery body absorbs attacks. (AC +1, EV +1)))
((You are camouflaged when in or above water. (Stealth+)))
((You have tentacles for arms and can constrict up to eight enemies at once.))


Message History

The orc warrior is lightly wounded.
The orc warrior hits you with a +2 battleaxe of freezing.
The orc warrior freezes you. The orc hits you with a +0 hand axe.
Something hits you but does no damage.
You smack the orc warrior!
The orc warrior is heavily wounded.
The orc warrior hits you with a +2 battleaxe of freezing.
The orc warrior freezes you. The orc hits you but does no damage.
Something hits you but does no damage.
You barely miss the orc warrior.
The orc warrior is heavily wounded.
The orc warrior hits you with a +2 battleaxe of freezing!
* * * LOW HITPOINT WARNING * * *
The orc warrior freezes you.
* * * LOW HITPOINT WARNING * * *
The orc hits you but does no damage. Something hits you but does no damage.
You barely miss the orc.
The orc warrior hits you but does no damage.
The orc hits you but does no damage. Something hits you but does no damage.
You pummel the orc!!
You kill the orc!
The orc warrior hits you with a +2 battleaxe of freezing.
* * * LOW HITPOINT WARNING * * *
The orc warrior freezes you.
* * * LOW HITPOINT WARNING * * *
Something hits you.
* * * LOW HITPOINT WARNING * * *
You closely miss the orc warrior.
The orc warrior is heavily wounded.
The orc warrior hits you with a +2 battleaxe of freezing.
* * * LOW HITPOINT WARNING * * *
The orc warrior freezes you.
* * * LOW HITPOINT WARNING * * *
You smack the orc warrior!
The orc warrior is almost dead.
You hear some strange, mumbled words.
A magic dart appears from out of thin air!
The magic dart hits you but does no damage.
The orc warrior hits you with a +2 battleaxe of freezing.
You die...

..## ###..## ##...#...#
...### ##.######.......##
..##.#####....##.....)...#
..............##........##
.....###................#
.....##........#...###.##
....###......)..#..# ###
.@.............){..##
#..#.##...~~~..o♣...#
.........~~~~~.....##
.........~~.~~..#.##
.........~~~~~....#
..?.......~~~...###
......>.........#
..#.........#
..##......### ###.##..


You could see an orc warrior.

Vanquished Creatures
  An orc warrior (D:5)
  A sky beast (D:5)
  4 black bears
  A crocodile (Sewer)
  An ogre (D:5)
  2 phantoms
  A scorpion (D:4)
  Crazy Yiuf (D:3)
  An orc priest (D:5)
  3 hounds
  2 sleepcaps (D:5)
  Jessica (D:2)
  Natasha (D:2)
  6 iguanas
  2 orc wizards
  4 adders
  2 white imps (D:6)
  2 ufetubi (D:6)
  7 orcs
  7 bats
  4 endoplasms
  2 giant cockroaches (D:4)
  3 goblins
  5 hobgoblins
  4 jackals (Sewer)
  10 kobolds
  5 quokkas
  5 ball pythons
  5 rats
93 creatures vanquished.

Vanquished Creatures (collateral kills)
  A water moccasin (D:6)
1 creature vanquished.

Grand Total: 94 creatures vanquished

Notes
Turn   | Place    | Note
-------+----------+-------------------------------------------
     0 | D:1      | warriortoast the Octopode Shapeshifter began the quest for
                  | the Orb.
     0 | D:1      | Reached XP level 1. HP: 13/13 MP: 1/1
   110 | D:1      | Reached XP level 2. HP: 18/18 MP: 2/2
   115 | D:1      | Reached skill level 1 in Stealth
   155 | D:1      | You fall into a shaft and drop 1 floor!
   617 | D:1      | Found a faded altar of an unknown god.
   927 | D:2      | Reached XP level 3. HP: 21/23 MP: 3/3
  1130 | D:2      | Noticed Jessica
  1132 | D:2      | Killed Jessica
  1212 | D:2      | Noticed Natasha
  1220 | D:2      | Killed Natasha
  1221 | D:2      | Reached XP level 4. HP: 15/29 MP: 4/4
  1417 | D:2      | Noticed Natasha
  1766 | D:3      | Found a hazy altar of Hepliaklqana.
  2058 | D:3      | Reached XP level 5. HP: 25/35 MP: 5/5
  2288 | D:3      | Found a runed translucent door.
  2289 | D:3      | Noticed Crazy Yiuf
  2544 | D:3      | Killed Crazy Yiuf
  2719 | D:4      | Reached XP level 6. HP: 38/41 MP: 6/6
  2735 | D:4      | Identified the +0 ring mail of Bynuc {rPois}
  2794 | D:4      | Reached skill level 4 in Shapeshifting
  2942 | D:4      | Noticed a black bear
  3038 | D:4      | Killed a black bear
  3369 | D:4      | Noticed a black bear
  3381 | D:4      | Killed a black bear
  3382 | D:4      | Reached XP level 7. HP: 41/46 MP: 7/7
  3469 | D:4      | Reached skill level 5 in Stealth
  3679 | D:5      | Entered Level 5 of the Dungeon
  3884 | D:5      | Found a sacrificial altar of Ru.
  3912 | D:5      | Found a white marble altar of Elyvilon.
  3916 | D:5      | Found an opulent altar of Gozag.
  3916 | D:5      | Found a glowing silver altar of Zin.
  3928 | D:5      | Reached skill level 5 in Unarmed Combat
  3932 | D:5      | Found a bloodstained altar of Trog.
  3980 | D:5      | Reached skill level 5 in Shapeshifting
  4089 | D:5      | Reached XP level 8. HP: 39/54 MP: 8/8
  4164 | D:5      | Reached skill level 5 in Fighting
  4340 | D:5      | HP: 2/55 [something (6)]
  4342 | D:5      | Reached skill level 6 in Shapeshifting
  4631 | D:5      | Found a broken altar of Ashenzari.
  5141 | D:6      | Noticed Eustachio
  5158 | D:6      | Reached skill level 7 in Shapeshifting
  5237 | D:6      | Found a glowing drain.
  5246 | Sewer    | Entered a sewer
  5621 | D:6      | Reached skill level 8 in Shapeshifting
  5806 | D:6      | Noticed Maggie
  5888 | D:6      | Upgraded the game from 0.32-a0-834-geaf45d8e21 to
                  | 0.32-a0-886-g41c5271027
  5904 | D:6      | HP: 4/82 [something (1)]
  5905 | D:6      | HP: 1/82 [orc warrior/+2 battleaxe of freezing (1)]
  5906 | D:6      | Slain by an orc warrior

Illustrated notes

Levels and vault maps discovered:
D:1:      scummos_arrival_simple_crosswalls, layout_basic,
          shapermc_ecumenical_altar_venn
D:2:      layout_basic, minmay_misc_feat_ornament, interstate_on_off,
          kennysheep_cross_bottleneck, minmay_pentomino_o2, uniq_natasha,
          uniq_jessica
D:3:      layout_loops_ring, nicolae_overflow_crystal_walls,
          uniq_crazy_yiuf_cottage
D:4:      layout_loops_ring
D:5:      layout_cave_pods, nicolae_ashenzari_skybound,
          nicolae_overflow_hallway_of_the_gods
D:6:      layout_cave_pools, kennysheep_mini, portal_sewer_entry_a,
          lemuel_flame_loot_1, uniq_eustachio, uniq_maggie, uniq_jeremiah

Skill      XL: |  1  2  3  4  5  6  7  8 |
---------------+-------------------------+-----
Stealth        | 1 2 3 4 5 |  5.0
Fighting       | 2 3 4 5 |  5.0
Unarmed Combat | 4 5 |  5.0
Shapeshifting  | 4 5 8 |  8.1
Dodging        | |  2.0

Action                     |  1- 3 |  4- 6 |  7- 9 || total
---------------------------+-------+-------+-------++-------
  Melee: Unarmed           |    49 |    49 |   123 ||   221
         Constrict         |    15 |    13 |    23 ||    51
         Tentacles         |     9 |    11 |    20 ||    40
         Punch             |     2 |     3 |     5 ||    10
  Throw: Dart              |       |    12 |    33 ||    45
  Evoke: Wand              |       |       |     2 ||     2
    Use: Scroll            |       |     1 |     8 ||     9
         Potion            |       |       |     2 ||     2
   Stab: Sleeping          |     4 |     4 |     4 ||    12
 Armour: Skin              |    20 |    20 |   129 ||   169
  Dodge: Dodged            |    30 |    23 |    75 ||   128

Table legend: (Time is in decaauts)
 A = Elapsed time spent in this place.
 B = Non-inter-level travel time spent in this place.
 C = Inter-level travel time spent in this place.
 D = Time resting spent in this place.
 E = Time spent auto-exploring this place.
 F = Levels seen in this place.
 G = Mean time per level.
                   A        B        C        D        E       F      G
               +--------+--------+--------+--------+--------+-----+--------+
         Total |   5885 |   5715 |    170 |   1047 |   3807 |   7 |  840.7 |
       Dungeon |   5546 |   5376 |    170 |    848 |   3733 |   6 |  924.3 |
         Sewer |    339 |    339 |      0 |    199 |     74 |   1 |  339.0 |
               +--------+--------+--------+--------+--------+-----+--------+

Top non-repeatable levels by time:
     D:4: 1269 daAuts
     D:5: 1166 daAuts
     D:3: 965 daAuts
     D:2: 932 daAuts
     D:1: 780 daAuts
     D:6: 432 daAuts
   Sewer: 339 daAuts
